 Dungeon Crawl Stone Soup version 0.26-a0-30-g56b8cd3df0 (webtiles) character file.

Game seed: 11713879726850582520, levelgen mode: deterministic

1729 xccam the Changer (level 9, -1/66 HPs)
             Began as a Gnoll Wanderer on June 4, 2020.
             Was a Believer of Ru.
             Slain by Menkaure (9 damage)
             ... on level 6 of the Dungeon.
             The game lasted 00:10:45 (5545 turns).

xccam the Changer (Gnoll Wanderer)                  Turns: 5545, Time: 00:10:46

Health: -1/66      AC: 11    Str: 16    XL:     9   Next: 5%
Magic:  14/14      EV:  8    Int: 15    God:    Ru [**....]
Gold:   358        SH:  0    Dex: 16    Spells: 15/15 levels left

rFire    . . .     SeeInvis .   a - +2 quarterstaff
rCold    . . .     Gourm    .   (shield currently unavailable)
rNeg     . . .     Faith    .   t - +0 chain mail
rPois    .         Spirit   .   r - +0 helmet
rElec    .         Reflect  .   (no cloak)
rCorr    .         Harm     .   p - +0 pair of gloves
MR       .....                  (no boots)
Stlth    ..........             k - amulet of regeneration
HPRegen  0.61/turn              (no ring)
MPRegen  0.14/turn              (no ring)

@: mighty, drained
A: distributed training, fangs 1, inability to use devices, strong nose
a: Renounce Religion


You were on level 6 of the Dungeon.
You worshipped Ru.
Ru was pleased with you.
You were hungry.

You visited 2 branches of the dungeon, and saw 8 of its levels.

You collected 358 gold pieces.

Inventory:

Hand Weapons
 a - a +2 quarterstaff (weapon)
 e - a +0 dagger
Armour
 j - a +0 buckler
 p - a +0 pair of gloves (worn)
 r - a +0 helmet (worn)
 t - a +0 chain mail (worn)
Jewellery
 k - an amulet of regeneration (around neck)
 v - an uncursed amulet of reflection
Wands
 l - a wand of flame (22)
 u - a wand of digging (4)
Scrolls
 b - 2 scrolls of teleportation
 d - a scroll of enchant armour {unknown}
 g - 2 scrolls of remove curse
 h - a scroll of fear
 i - a scroll of acquirement {unknown}
 m - a scroll of blinking {unknown}
 n - a scroll of random uselessness {unknown}
 q - a scroll of noise {unknown}
 s - a scroll of magic mapping {unknown}
 w - a scroll of amnesia {unknown}
Potions
 o - a potion of cancellation
 x - a potion of flight
 z - a potion of resistance {unknown}
 C - a potion of mutation {unknown}
 D - a potion of lignification {unknown}
Comestibles
 f - 15 rations
 B - 3 chunks of flesh


   Skills:
 + Level 4.6(3.9) Fighting
 + Level 3.7(3.0) Short Blades
 + Level 3.7(3.0) Long Blades
 + Level 3.7(3.0) Axes
 + Level 3.7(3.0) Maces & Flails
 + Level 3.7(3.0) Polearms
 + Level 4.6(3.9) Staves
 + Level 3.7(3.0) Slings
 + Level 3.7(3.0) Bows
 + Level 3.7(3.0) Crossbows
 + Level 3.7(3.0) Throwing
 + Level 3.7(3.0) Armour
 + Level 4.6(3.9) Dodging
 + Level 5.7(4.9) Stealth
 + Level 3.7(3.0) Shields
 + Level 3.7(3.0) Unarmed Combat
 + Level 3.7(3.0) Spellcasting
 + Level 3.1(2.4) Conjurations
 + Level 3.1(2.4) Hexes
 + Level 3.1(2.4) Charms
 + Level 3.1(2.4) Summonings
 + Level 3.1(2.4) Necromancy
 + Level 3.1(2.4) Translocations
 + Level 7.8(7.0) Transmutations
 + Level 3.1(2.4) Fire Magic
 + Level 3.1(2.4) Ice Magic
 + Level 3.1(2.4) Air Magic
 + Level 3.8(3.1) Earth Magic
 + Level 3.1(2.4) Poison Magic
 + Level 4.1(3.4) Invocations
   Level 0.0 Evocations


You had 15 spell levels left.
You didn't know any spells.
Your spell library was empty.

Dungeon Overview and Level Annotations

Branches:
Dungeon (7/15)             Temple (1/1) D:5

Altars:
Cheibriados
Dithmenos
Elyvilon
Fedhas
Gozag
Hepliaklqana
Kikubaaqudgha
Makhleb
Nemelex Xobeh
Okawaru
Qazlal
Ru
Sif Muna
Trog
Vehumet
Wu Jian
Xom
Yredelemnul
Zin
The Shining One

Annotations:
D:6 Menkaure


Innate Abilities, Weirdness & Mutations

Your experience applies equally to all skills.
You have very sharp teeth.
You cannot study or use magical devices.
Your uncanny sense of smell can sniff out nearby items.


Message History

You feel very mighty all of a sudden. Menkaure barely misses you.
The wight hits you with a cursed +2 battleaxe!
* * * LOW HITPOINT WARNING * * *
You redirect Menkaure's attack! x2
Menkaure barely misses himself.
You feel better.
The wight hits you with a cursed +2 battleaxe!
* * * LOW HITPOINT WARNING * * *
Menkaure hits you but does no damage.
You feel better. Menkaure misses you.
The wight hits you with a cursed +2 battleaxe!
* * * LOW HITPOINT WARNING * * *
You feel drained.
You feel better. Menkaure hits you.
* * * LOW HITPOINT WARNING * * *
As you read the scroll labeled ODESEI IKLANE, it crumbles to dust.
You feel blessed for a moment.
It was a scroll of remove curse.
Menkaure hits you!
You die...

.la.....# .$# ..###..=##
### ..# ... ###%.###....
∆..# .. #.........
###.## ##.......# ....##
##.......# ....#
##z..###..z
#..#######zz.## .
##...##oM@z####
#......##### ##.###)##
## ##.## #.## .#####.##
#.)# .. ..##..##
##)#########. .....##
#..........# .....#
###...(......#
#....######.<.######...#


You could see Menkaure (fast), 4 wights and an orc wizard.

Vanquished Creatures
  An ice beast (D:5)
  4 ogres
  A centaur (D:6)
  A bullfrog (D:6)
  A scorpion (D:4)
  The ghost of Stelteck the Slasher, a weakling DsMo (D:3)
  A wight (D:6)
  2 crimson imps (D:5)
  5 hounds
  3 orc priests
  A bullfrog skeleton (D:5)
  A centaur skeleton (D:5)
  Jessica (D:3)
  3 orc wizards (D:5)
  Natasha (thrice) (D:2)
  7 worker ants
  A statue (D:4)
  A hound zombie (D:5)
  A hound skeleton (D:4)
  Robin (D:2)
  3 gnolls (D:2)
  A howler monkey skeleton (D:5)
  7 adders
  An adder skeleton (D:4)
  5 worms
  A dart slug (D:1)
  5 leopard geckos
  13 orcs
  5 bats
  6 giant cockroaches
  10 hobgoblins
  14 jackals
  6 kobolds
  2 quokkas
  2 ball pythons
  5 frilled lizards
  A giant cockroach zombie (D:3)
  22 goblins
  A quokka skeleton (D:4)
  10 rats
160 creatures vanquished.

Notes
Turn   | Place    | Note
-------+----------+-------------------------------------------
     0 | D:1      | xccam the Gnoll Wanderer began the quest for the Orb.
     0 | D:1      | xccam set off with the following items: a +2 quarterstaff,
                  | a scroll of teleportation, a potion of curing, a +0 robe, a
                  | +0 dagger, a ration
     0 | D:1      | Reached XP level 1. HP: 17/17 MP: 1/1
   246 | D:1      | Reached XP level 2. HP: 22/23 MP: 2/2
  1043 | D:2      | Reached XP level 3. HP: 28/28 MP: 3/3
  1116 | D:2      | Reached skill level 1 in Invocations
  1163 | D:2      | Reached skill level 1 in Short Blades
  1163 | D:2      | Reached skill level 1 in Long Blades
  1163 | D:2      | Reached skill level 1 in Axes
  1163 | D:2      | Reached skill level 1 in Maces & Flails
  1163 | D:2      | Reached skill level 1 in Polearms
  1163 | D:2      | Reached skill level 1 in Slings
  1163 | D:2      | Reached skill level 1 in Bows
  1163 | D:2      | Reached skill level 1 in Crossbows
  1163 | D:2      | Reached skill level 1 in Throwing
  1163 | D:2      | Reached skill level 1 in Armour
  1163 | D:2      | Reached skill level 1 in Shields
  1163 | D:2      | Reached skill level 1 in Unarmed Combat
  1163 | D:2      | Reached skill level 1 in Spellcasting
  1163 | D:2      | Reached skill level 1 in Evocations
  1208 | D:2      | Reached XP level 4. HP: 34/34 MP: 5/5
  1392 | D:2      | Noticed Natasha
  1398 | D:2      | Killed Natasha
  1398 | D:2      | Reached skill level 1 in Conjurations
  1398 | D:2      | Reached skill level 1 in Hexes
  1398 | D:2      | Reached skill level 1 in Charms
  1398 | D:2      | Reached skill level 1 in Summonings
  1398 | D:2      | Reached skill level 1 in Necromancy
  1398 | D:2      | Reached skill level 1 in Translocations
  1398 | D:2      | Reached skill level 1 in Fire Magic
  1398 | D:2      | Reached skill level 1 in Ice Magic
  1398 | D:2      | Reached skill level 1 in Air Magic
  1398 | D:2      | Reached skill level 1 in Poison Magic
  1470 | D:2      | Reached XP level 5. HP: 40/40 MP: 5/7
  1920 | D:2      | Noticed Natasha
  1927 | D:2      | Killed Natasha
  1997 | D:2      | Noticed Natasha
  2007 | D:2      | Killed Natasha
  2096 | D:2      | Noticed Robin
  2116 | D:2      | Killed Robin
  2116 | D:2      | Reached XP level 6. HP: 45/47 MP: 8/8
  2223 | D:3      | Found a runed translucent gate.
  2224 | D:3      | Found a runed translucent gate.
  2228 | D:3      | Found a runed translucent gate.
  2228 | D:3      | Noticed Stelteck's ghost (weakling DsMo)
  2244 | D:3      | Killed Stelteck's ghost
  2430 | D:3      | Noticed Jessica
  2438 | D:3      | Killed Jessica
  3306 | D:4      | You fall into a shaft and drop 3 floors!
  3323 | D:5      | Entered Level 5 of the Dungeon
  3346 | D:5      | Reached XP level 7. HP: 27/52 MP: 10/10
  3548 | D:5      | Found a staircase to the Ecumenical Temple.
  3561 | Temple   | Entered the Ecumenical Temple
  3649 | Temple   | Became a worshipper of Ru the Awakened
  3669 | D:5      | HP: 2/53 [ogre/+0 giant club (12)]
  3676 | D:5      | Reached skill level 5 in Stealth
  3717 | D:4      | Reached XP level 8. HP: 49/60 MP: 12/12
  4259 | D:4      | Found a snail-covered altar of Cheibriados.
  4323 | D:4      | Found a radiant altar of Vehumet.
  5129 | D:5      | Gained mutation: You cannot study or use magical devices.
                  | [Ru sacrifice]
  5129 | D:5      | Reached * piety under Ru
  5129 | D:5      | Reached ** piety under Ru
  5209 | D:6      | Noticed Menkaure
  5343 | D:6      | Reached XP level 9. HP: 66/66 MP: 14/14
  5463 | D:6      | Found a blossoming altar of Fedhas.
  5543 | D:6      | HP: 3/66 [wight/cursed +2 battleaxe (12)]
  5545 | D:6      | Slain by Menkaure

Illustrated notes

Levels and vault maps discovered:
D:1:      shiori_arrival_maze, layout_basic, minmay_misc_feat_alley
D:2:      layout_basic, uniq_natasha, uniq_robin
D:3:      kennysheep_goblin_castle, layout_basic, gammafunk_ghost_split,
          first_ration, minmay_fountain_box, uniq_jessica
D:4:      layout_cave_pools, vehumet_statue, nicolae_overflow_crystal_walls
D:5:      layout_basic, minmay_temple_entry_mist, serial_glass, glass_columns_a,
          glass_columns_c, glass_columns_a, glass_columns_a
D:6:      layout_layer_cave, overflow_temple_1_default,
          fedhas_bush_and_centaur_altar, uniq_menkaure
D:7:      minmay_the_grid_four_pointed_star
          [minmay_the_grid_triangle_9x9_windchime,
          minmay_the_grid_triangle_9x9_longest,
          minmay_the_grid_triangle_9x9_alien,
          minmay_the_grid_triangle_9x9_stretched_checkered,
          minmay_the_grid_prize_four_corners_diamond_a], layout_cave_pools,
          grunt_ogre_cave, okawaru_gym_becter
Temple:   compressed_dpeg_circular_temple

Skill      XL: |  1  2  3  4  5  6  7  8 |
---------------+-------------------------+-----
Earth Magic    | 2 3 |  3.8
Invocations    | 1 2 3 4 |  4.1
Short Blades   | 1 2 3 |  3.7
Long Blades    | 1 2 3 |  3.7
Axes           | 1 2 3 |  3.7
Maces & Flails | 1 2 3 |  3.7
Polearms       | 1 2 3 |  3.7
Slings         | 1 2 3 |  3.7
Bows           | 1 2 3 |  3.7
Crossbows      | 1 2 3 |  3.7
Throwing       | 1 2 3 |  3.7
Armour         | 1 2 3 |  3.7
Shields        | 1 2 3 |  3.7
Unarmed Combat | 1 2 3 |  3.7
Spellcasting   | 1 2 3 |  3.7
Evocations     | 1 2 0 |  0.0
Conjurations   | 1 2 3 |  3.1
Hexes          | 1 2 3 |  3.1
Charms         | 1 2 3 |  3.1
Summonings     | 1 2 3 |  3.1
Necromancy     | 1 2 3 |  3.1
Translocations | 1 2 3 |  3.1
Fire Magic     | 1 2 3 |  3.1
Ice Magic      | 1 2 3 |  3.1
Air Magic      | 1 2 3 |  3.1
Poison Magic   | 1 2 3 |  3.1
Fighting       | 3 4 |  4.6
Staves         | 3 4 |  4.6
Dodging        | 3 4 |  4.6
Stealth        | 5 |  5.7
Transmutations | |  7.8

Action                   |  1- 3 |  4- 6 |  7- 9 || total
-------------------------+-------+-------+-------++-------
Melee: Quarterstaff      |    66 |   216 |   280 ||   562
       Bite              |     3 |    28 |    27 ||    58
Invok: Sacrifice Artific |       |       |     1 ||     1
Evoke: Wand              |       |       |     2 ||     2
  Use: Scroll            |       |     3 |     5 ||     8
       Potion            |       |     2 |     7 ||     9
 Stab: Sleeping          |     5 |     8 |     1 ||    14
  Eat: Chunk             |     1 |     7 |     7 ||    15
Armor: Robe              |     6 |       |       ||     6
       Ring mail         |    11 |    79 |    56 ||   146
       Chain mail        |       |       |    62 ||    62
Dodge: Dodged            |    44 |   148 |   157 ||   349

Table legend:
 A = Non-vault XP
 B = Vault XP
 C = Vault XP percentage of total XP
 D = Non-vault monster count
 E = Vault monster count
 F = Vault count percentage of total count
                 A         B        C        D         E       F
            +---------+---------+-------+---------+---------+-------
      Total |    2134 |     337 |  13.6 |     129 |      31 |  19.4
            +---------+---------+-------+---------+---------+-------
        D:1 |      29 |       4 |  12.1 |      14 |       2 |  12.5
        D:2 |     229 |      64 |  21.8 |      42 |       9 |  17.6
        D:3 |      45 |     125 |  73.5 |      21 |      18 |  46.2
        D:4 |     466 |      32 |   6.4 |      16 |       1 |   5.9
        D:5 |    1155 |       0 |   0.0 |      27 |       0 |   0.0
        D:6 |     168 |     112 |  40.0 |       8 |       1 |  11.1
     Temple |      42 |       0 |   0.0 |       1 |       0 |   0.0
            +---------+---------+-------+---------+---------+-------
